| Goals | Penalties |
1. Lightning , Ryan O'Reilly 4 (Artturi Lehkonen 5, Jake Sanderson 4) at 7:40
2. Blue Jackets , Tom Wilson 4 (Connor Murphy 2, Jalen Chatfield 2) at 19:10
|
No Penalty
|
3. Blue Jackets , Brandon Saad 1 (Vladislav Namestnikov 1, Frank Nazar 4) at 8:14
|
Joshua Norris (TAM) for Roughing (Minor) at 6:08
|
4. Lightning , Leo Carlsson 4 (Evander Kane 4, Parker Wotherspoon 1) at 7:45
|
Connor Murphy (CLB) for Hooking (Minor) at 10:07
|
5. Lightning , Ryan O'Reilly 5 (Artturi Lehkonen 6, Mitch Marner 7) at 0:57
|
No Penalty
|
|
Joseph Woll (TAM), 36 saves from 38 shots - (0,947), W, 2-0-1, 60:57 minutes
Logan Thompson (CLB), 29 saves from 32 shots - (0,906), OTL, 3-3-1, 60:57 minutes
|
|
1 - Ryan O'Reilly (TAM)
2 - Joseph Woll (TAM)
3 - Artturi Lehkonen (TAM)
|
Referees : Andrew Wilk and Kendrick Nicholson
Linesman : Jonny Murray and Jaime Alary
|
|
| No Game Note
|
|
Level 1 -- Attendance: 2499 (41,65%) -- Ticket Income $499,800
Level 2 -- Attendance: 2412 (48,24%) -- Ticket Income $241,200
Level 3 -- Attendance: 1140 (57,00%) -- Ticket Income $62,700
Level 4 -- Attendance: 2212 (55,30%) -- Ticket Income $75,208
Luxury Box -- Attendance: 526 (52,60%) -- Ticket Income $157,800
Total Attendance: 8789 (48,83%)
Total Ticket Income: $1,036,708
Other Income: $507,987
Total Income: $1,544,695
|
Lightning
| 5 vs 5 Forward |
|---|
| Line # | Left Wing | Center | Right Wing | PHY | DF | OF | Wanted % | Time % | Time Play |
| 1 | Martin Necas | Joshua Norris | Mitch Marner | 0 | 2 | 3 | 27 | 28% | 15:27
|
| 2 | Artturi Lehkonen | Ryan O'Reilly | Filip Forsberg | 0 | 2 | 3 | 25 | 25% | 14:03
|
| 3 | Kent Johnson | Leo Carlsson | Evander Kane | 0 | 2 | 3 | 25 | 24% | 13:41
|
| 4 | Jansen Harkins | Frederick Gaudreau | William Carrier | 0 | 3 | 2 | 23 | 23% | 12:51
|
| 5 vs 5 Defense |
|---|
| Line # | Defense | Defense | | PHY | DF | OF | Wanted % | Time % | Time Play |
| 1 | Jake Sanderson | Michael Kesselring | | 1 | 2 | 2 | 35 | 32% | 17:59
|
| 2 | Miro Heiskanen | Brian Dumoulin | | 1 | 2 | 2 | 29 | 32% | 17:58
|
| 3 | Zach Whitecloud | Parker Wotherspoon | | 1 | 4 | 0 | 21 | 28% | 15:31
|
| 4 | Jake Sanderson | Brian Dumoulin | | 2 | 3 | 0 | 15 | 8% | 4:34
|
| Power Play Forward |
|---|
| Line # | Left Wing | Center | Right Wing | PHY | DF | OF | Wanted % | Time % | Time Play |
| 1 | Martin Necas | Joshua Norris | Mitch Marner | 0 | 1 | 4 | 50 | 47% | 0:56
|
| 2 | Kent Johnson | Ryan O'Reilly | Filip Forsberg | 0 | 0 | 5 | 50 | 53% | 1:03
|
| Power Play Defense |
|---|
| Line # | Defense | Defense | | PHY | DF | OF | Wanted % | Time % | Time Play |
| 1 | Miro Heiskanen | Jake Sanderson | | 0 | 1 | 4 | 60 | 28% | 0:33
|
| 2 | Parker Wotherspoon | Zach Whitecloud | | 0 | 3 | 2 | 40 | 72% | 1:26
|
| Penalty Kill 4 Players Forward |
|---|
| Line # | Center | Wing | PHY | DF | OF | Wanted % | Time % | Time Play |
| 1 | Ryan O'Reilly | Artturi Lehkonen | 0 | 5 | 0 | 50 | 49% | 0:58
|
| 2 | Leo Carlsson | Frederick Gaudreau | 0 | 4 | 1 | 50 | 51% | 1:01
|
| Penalty Kill 4 Players Defense |
|---|
| Line # | Defense | Defense | PHY | DF | OF | Wanted % | Time % | Time Play |
| 1 | Jake Sanderson | Brian Dumoulin | 2 | 3 | 0 | 60 | 50% | 1:00
|
| 2 | Miro Heiskanen | Zach Whitecloud | 1 | 4 | 0 | 40 | 50% | 0:59
|
| Penalty Kill 3 Players |
|---|
| Line # | Wing | PHY | DF | OF | Wanted % | Time % | Time Play | Defense | Defense | PHY | DF | OF | Wanted % | Time % | Time Play |
| 1 | Ryan O'Reilly | 0 | 5 | 0 | 50 | 0% | 0:00
| Brian Dumoulin | Miro Heiskanen | 0 | 5 | 0 | 50 | 0% | 0:00
|
| 2 | Frederick Gaudreau | 0 | 5 | 0 | 50 | 0% | 0:00
| Jake Sanderson | Zach Whitecloud | 0 | 5 | 0 | 50 | 0% | 0:00
|
| 4 vs 4 Forward |
|---|
| Line # | Center | Wing | PHY | DF | OF | Wanted % | Time % | Time Play |
| 1 | Ryan O'Reilly | Filip Forsberg | 1 | 4 | 0 | 60 | 0% | 0:00
|
| 2 | Joshua Norris | Mitch Marner | 0 | 0 | 5 | 40 | 0% | 0:00
|
| 4 vs 4 Defense |
|---|
| Line # | Defense | | PHY | DF | OF | Wanted % | Time % | Time Play |
| 1 | Miro Heiskanen | Zach Whitecloud | 1 | 2 | 2 | 50 | 0% | 0:00
|
| 2 | Jake Sanderson | Brian Dumoulin | 1 | 2 | 2 | 50 | 0% | 0:00
|
| Last Minutes Offensive |
|---|
| Left Wing | Center | Right Wing | Defense | Defense |
| Martin Necas | Joshua Norris | Mitch Marner | Miro Heiskanen | Jake Sanderson |
| Last Minutes Defensive |
|---|
| Left Wing | Center | Right Wing | Defense | Defense |
| Artturi Lehkonen | Ryan O'Reilly | Mitch Marner | Miro Heiskanen | Jake Sanderson |
| Time |
|---|
| Total Forward | Total Defense | Last Minutes Offensive | Last Minutes Defensive |
| 60:00 |
60:00 |
0:00 | 0:00 |
| Extra Forwards |
|---|
| Normal | PowerPlay | Penalty Kill |
|
Joshua Norris, Mitch Marner, Martin Necas | Mitch Marner, Martin Necas | Ryan O'Reilly |
| Extra Defensemen |
|---|
| Normal | PowerPlay | Penalty Kill |
|
Jake Sanderson, Miro Heiskanen, Brian Dumoulin | Jake Sanderson, Brian Dumoulin | Jake Sanderson |
| Penalty Shots |
|---|
|
Mitch Marner, Filip Forsberg, Joshua Norris, Martin Necas, Jake Sanderson |
| Goalie |
|---|
| Joseph Woll, Darcy Kuemper |
| Custom OT Lines Forwards |
|---|
|
Mitch Marner, Joshua Norris, Martin Necas, Filip Forsberg, Ryan O'Reilly, Artturi Lehkonen, Leo Carlsson, Evander Kane, Kent Johnson, Frederick Gaudreau |
| Custom OT Lines Defensemen |
|---|
|
Jake Sanderson, Miro Heiskanen, Parker Wotherspoon, Brian Dumoulin, Zach Whitecloud |
| Scratches |
|---|
|
Alexander Nylander (Healthy), Daniel Sprong (Healthy), Nikita Zadorov (Healthy) |
Blue Jackets
| 5 vs 5 Forward |
|---|
| Line # | Left Wing | Center | Right Wing | PHY | DF | OF | Wanted % | Time % | Time Play |
| 1 | Matt Duchene | Connor McDavid | Nikita Kucherov | 0 | 0 | 5 | 37 | 32% | 17:51
|
| 2 | Troy Terry | Frank Nazar | Matvei Michkov | 0 | 0 | 5 | 31 | 28% | 15:55
|
| 3 | Reilly Smith | Tyler Seguin | Tom Wilson | 0 | 0 | 5 | 25 | 23% | 12:40
|
| 4 | Brandon Saad | Lars Eller | Vladislav Namestnikov | 0 | 2 | 3 | 7 | 17% | 9:36
|
| 5 vs 5 Defense |
|---|
| Line # | Defense | Defense | | PHY | DF | OF | Wanted % | Time % | Time Play |
| 1 | Brenden Dillon | Erik Cernak | | 0 | 3 | 2 | 38 | 38% | 21:18
|
| 2 | Luke Hughes | Josh Manson | | 0 | 3 | 2 | 35 | 35% | 19:20
|
| 3 | Connor Murphy | Jalen Chatfield | | 0 | 4 | 1 | 27 | 27% | 15:24
|
| 4 | Luke Hughes | Jalen Chatfield | | 1 | 2 | 2 | 0 | 0% | 0:00
|
| Power Play Forward |
|---|
| Line # | Left Wing | Center | Right Wing | PHY | DF | OF | Wanted % | Time % | Time Play |
| 1 | Nikita Kucherov | Connor McDavid | Matvei Michkov | 0 | 0 | 5 | 56 | 55% | 1:06
|
| 2 | Troy Terry | Matt Duchene | Tyler Seguin | 0 | 0 | 5 | 44 | 45% | 0:53
|
| Power Play Defense |
|---|
| Line # | Defense | Defense | | PHY | DF | OF | Wanted % | Time % | Time Play |
| 1 | Tom Wilson | Luke Hughes | | 0 | 0 | 5 | 60 | 70% | 1:23
|
| 2 | Frank Nazar | Erik Cernak | | 0 | 0 | 5 | 40 | 30% | 0:36
|
| Penalty Kill 4 Players Forward |
|---|
| Line # | Center | Wing | PHY | DF | OF | Wanted % | Time % | Time Play |
| 1 | Lars Eller | Tom Wilson | 1 | 4 | 0 | 60 | 92% | 1:49
|
| 2 | Vladislav Namestnikov | Reilly Smith | 1 | 4 | 0 | 40 | 8% | 0:10
|
| Penalty Kill 4 Players Defense |
|---|
| Line # | Defense | Defense | PHY | DF | OF | Wanted % | Time % | Time Play |
| 1 | Brenden Dillon | Erik Cernak | 1 | 4 | 0 | 60 | 59% | 1:10
|
| 2 | Josh Manson | Connor Murphy | 1 | 4 | 0 | 40 | 41% | 0:49
|
| Penalty Kill 3 Players |
|---|
| Line # | Wing | PHY | DF | OF | Wanted % | Time % | Time Play | Defense | Defense | PHY | DF | OF | Wanted % | Time % | Time Play |
| 1 | Lars Eller | 1 | 4 | 0 | 60 | 0% | 0:00
| Jalen Chatfield | Connor Murphy | 1 | 2 | 2 | 60 | 0% | 0:00
|
| 2 | Vladislav Namestnikov | 1 | 4 | 0 | 40 | 0% | 0:00
| Erik Cernak | Josh Manson | 1 | 2 | 2 | 40 | 0% | 0:00
|
| 4 vs 4 Forward |
|---|
| Line # | Center | Wing | PHY | DF | OF | Wanted % | Time % | Time Play |
| 1 | Connor McDavid | Troy Terry | 0 | 1 | 4 | 60 | 0% | 0:00
|
| 2 | Matt Duchene | Nikita Kucherov | 0 | 1 | 4 | 40 | 0% | 0:00
|
| 4 vs 4 Defense |
|---|
| Line # | Defense | | PHY | DF | OF | Wanted % | Time % | Time Play |
| 1 | Josh Manson | Erik Cernak | 0 | 2 | 3 | 50 | 0% | 0:00
|
| 2 | Luke Hughes | Brenden Dillon | 0 | 2 | 3 | 50 | 0% | 0:00
|
| Last Minutes Offensive |
|---|
| Left Wing | Center | Right Wing | Defense | Defense |
| Matt Duchene | Connor McDavid | Nikita Kucherov | Matvei Michkov | Luke Hughes |
| Last Minutes Defensive |
|---|
| Left Wing | Center | Right Wing | Defense | Defense |
| Reilly Smith | Lars Eller | Tom Wilson | Brenden Dillon | Josh Manson |
| Time |
|---|
| Total Forward | Total Defense | Last Minutes Offensive | Last Minutes Defensive |
| 60:00 |
60:00 |
0:00 | 0:00 |
| Extra Forwards |
|---|
| Normal | PowerPlay | Penalty Kill |
|
Matvei Michkov, Tom Wilson, Troy Terry | Troy Terry, Connor McDavid | Connor McDavid |
| Extra Defensemen |
|---|
| Normal | PowerPlay | Penalty Kill |
|
Josh Manson, Erik Cernak, Brenden Dillon | Josh Manson, Jalen Chatfield | Luke Hughes |
| Penalty Shots |
|---|
|
Connor McDavid, Tyler Seguin, Matvei Michkov, Troy Terry, Matt Duchene |
| Goalie |
|---|
| Logan Thompson, Charlie Lindgren |
| Custom OT Lines Forwards |
|---|
|
Nikita Kucherov, Connor McDavid, Tom Wilson, Matvei Michkov, Matt Duchene, Tyler Seguin, Troy Terry, Frank Nazar, Reilly Smith, Vladislav Namestnikov |
| Custom OT Lines Defensemen |
|---|
|
Josh Manson, Luke Hughes, Jalen Chatfield, Erik Cernak, Brenden Dillon |
| Scratches |
|---|
|
Nicolas Aube-Kubel (Healthy), Sam Malinski (Healthy) |
Play-by-Play
1st period
0:01 of 1st period - Connor McDavid wins face-off versus Joshua Norris in neutral zone.
0:06 of 1st period - Wrist shot by Matt Duchene.
0:06 of 1st period - Shot Misses the Net.
0:08 of 1st period - Slapshot by Erik Cernak.
0:08 of 1st period - Stopped by Joseph Woll with a rebound.
0:10 of 1st period - Slapshot by Erik Cernak.
0:10 of 1st period - Stopped by Joseph Woll without a rebound.
0:11 of 1st period - Ryan O'Reilly wins face-off versus Frank Nazar in Lightning zone.
0:11 of 1st period - Ryan O'Reilly is hit by Frank Nazar.
0:23 of 1st period - Snap shot by Filip Forsberg.
0:23 of 1st period - Shot Misses the Net.
1:00 of 1st period - Mitch Marner is hit by Matt Duchene and loses puck.
1:18 of 1st period - Icing by Mitch Marner.
1:19 of 1st period - Joshua Norris wins face-off versus Lars Eller in Lightning zone.
1:37 of 1st period - Joshua Norris is hit by Connor Murphy and loses puck.
1:48 of 1st period - Connor Murphy is hit by Jansen Harkins and loses puck.
2:11 of 1st period - Snap shot by Filip Forsberg.
2:11 of 1st period - Shot Blocked by Connor Murphy.
2:45 of 1st period - Slapshot by Evander Kane.
2:45 of 1st period - Deflect By Kent Johnson.
2:45 of 1st period - Shot Blocked by Matt Duchene.
2:45 of 1st period - Puck is out of play.
2:46 of 1st period - Tyler Seguin wins face-off versus Frederick Gaudreau in Blue Jackets zone.
3:05 of 1st period - Erik Cernak is hit by Brian Dumoulin.
3:45 of 1st period - Snap shot by Filip Forsberg.
3:45 of 1st period - Stopped by Logan Thompson without a rebound.
3:46 of 1st period - Frederick Gaudreau wins face-off versus Tyler Seguin in Blue Jackets zone.
3:53 of 1st period - Snap shot by Frederick Gaudreau.
3:53 of 1st period - Shot Misses the Net.
3:55 of 1st period - Snap shot by William Carrier.
3:55 of 1st period - Stopped by Logan Thompson with a rebound.
3:57 of 1st period - Slapshot by Jake Sanderson.
3:57 of 1st period - Shot Misses the Net.
3:59 of 1st period - Wrist shot by William Carrier.
3:59 of 1st period - Stopped by Logan Thompson with a rebound.
4:01 of 1st period - Snap shot by William Carrier.
4:01 of 1st period - Shot Blocked by Josh Manson.
4:51 of 1st period - Frank Nazar is hit by Martin Necas and loses puck.
4:58 of 1st period - Wrist shot by Martin Necas.
4:58 of 1st period - Stopped by Logan Thompson with a rebound.
5:04 of 1st period - Snap shot by Martin Necas.
5:04 of 1st period - Stopped by Logan Thompson without a rebound.
5:05 of 1st period - Frederick Gaudreau wins face-off versus Connor McDavid in Blue Jackets zone.
5:06 of 1st period - Snap shot by Jake Sanderson.
5:06 of 1st period - Deflect By Matt Duchene.
5:06 of 1st period - Stopped by Logan Thompson with a rebound.
5:08 of 1st period - Slapshot by Jake Sanderson.
5:08 of 1st period - Stopped by Logan Thompson without a rebound.
5:09 of 1st period - Connor McDavid wins face-off versus Jansen Harkins in Blue Jackets zone.
5:34 of 1st period - Snap shot by Nikita Kucherov.
5:34 of 1st period - Stopped by Joseph Woll without a rebound.
5:35 of 1st period - Tyler Seguin wins face-off versus Joshua Norris in Lightning zone.
6:00 of 1st period - Frank Nazar is hit by Filip Forsberg and loses puck.
6:09 of 1st period - Brian Dumoulin is hit by Connor Murphy and loses puck.
7:30 of 1st period - Snap shot by Artturi Lehkonen.
7:30 of 1st period - Deflect By Troy Terry.
7:30 of 1st period - Stopped by Logan Thompson without a rebound.
7:31 of 1st period - Ryan O'Reilly wins face-off versus Frank Nazar in Blue Jackets zone.
7:36 of 1st period - Snap shot by Ryan O'Reilly.
7:36 of 1st period - Shot Misses the Net.
7:38 of 1st period - Slapshot by Jake Sanderson.
7:38 of 1st period - Shot Blocked by Luke Hughes.
7:40 of 1st period - Snap shot by Artturi Lehkonen.
7:40 of 1st period - Deflect By Ryan O'Reilly.
7:40 of 1st period - Goal by Ryan O'Reilly - Lightning : 1 - Blue Jackets : 0.
7:41 of 1st period - Connor McDavid wins face-off versus Leo Carlsson in neutral zone.
8:11 of 1st period - Wrist shot by Connor McDavid.
8:11 of 1st period - Stopped by Joseph Woll without a rebound.
8:12 of 1st period - Tyler Seguin wins face-off versus Ryan O'Reilly in Lightning zone.
8:31 of 1st period - Wrist shot by Filip Forsberg.
8:31 of 1st period - Stopped by Logan Thompson without a rebound.
8:32 of 1st period - Frank Nazar wins face-off versus Joshua Norris in Blue Jackets zone.
9:27 of 1st period - Slapshot by Mitch Marner.
9:27 of 1st period - Shot Misses the Net.
9:29 of 1st period - Backhand shot by Brian Dumoulin.
9:29 of 1st period - Stopped by Logan Thompson with a rebound.
9:31 of 1st period - Snap shot by Miro Heiskanen.
9:31 of 1st period - Deflect By Frank Nazar.
9:31 of 1st period - Stopped by Logan Thompson with a rebound.
9:33 of 1st period - Snap shot by Martin Necas.
9:33 of 1st period - Shot Misses the Net.
9:35 of 1st period - Wrist shot by Mitch Marner.
9:35 of 1st period - Shot Blocked by Brenden Dillon.
10:31 of 1st period - Snap shot by Martin Necas.
10:31 of 1st period - Shot Misses the Net.
11:39 of 1st period - Wrist shot by Martin Necas.
11:39 of 1st period - Stopped by Logan Thompson with a rebound.
11:41 of 1st period - Snap shot by Joshua Norris.
11:41 of 1st period - Stopped by Logan Thompson without a rebound.
11:42 of 1st period - Connor McDavid wins face-off versus Leo Carlsson in Blue Jackets zone.
11:47 of 1st period - Slapshot by Nikita Kucherov.
11:47 of 1st period - Shot Blocked by Michael Kesselring.
11:49 of 1st period - Slapshot by Josh Manson.
11:49 of 1st period - Shot Misses the Net.
11:51 of 1st period - Slapshot by Luke Hughes.
11:51 of 1st period - Deflect By Nikita Kucherov.
11:51 of 1st period - Stopped by Joseph Woll with a rebound.
11:53 of 1st period - Slapshot by Josh Manson.
11:53 of 1st period - Deflect By Kent Johnson.
11:53 of 1st period - Stopped by Joseph Woll with a rebound.
12:34 of 1st period - Slapshot by Jalen Chatfield.
12:34 of 1st period - Deflect By Vladislav Namestnikov.
12:34 of 1st period - Shot Blocked by Michael Kesselring.
12:34 of 1st period - Puck is out of play.
12:35 of 1st period - Connor McDavid wins face-off versus Leo Carlsson in Lightning zone.
14:07 of 1st period - Slapshot by Frederick Gaudreau.
14:07 of 1st period - Shot Misses the Net.
14:09 of 1st period - Snap shot by Frederick Gaudreau.
14:09 of 1st period - Shot Misses the Net.
14:57 of 1st period - Frederick Gaudreau is hit by Connor McDavid and loses puck.
15:19 of 1st period - Icing by Filip Forsberg.
15:20 of 1st period - Ryan O'Reilly wins face-off versus Tyler Seguin in Lightning zone.
15:25 of 1st period - Leo Carlsson is hit by Tom Wilson and loses puck.
15:40 of 1st period - Luke Hughes is hit by Michael Kesselring and loses puck.
16:12 of 1st period - Reilly Smith is hit by Jake Sanderson and loses puck.
17:35 of 1st period - Josh Manson is hit by Filip Forsberg and loses puck.
17:57 of 1st period - Snap shot by Tyler Seguin.
17:57 of 1st period - Stopped by Joseph Woll without a rebound.
17:58 of 1st period - Frederick Gaudreau wins face-off versus Tyler Seguin in Lightning zone.
18:23 of 1st period - Wrist shot by Nikita Kucherov.
18:23 of 1st period - Shot Misses the Net.
18:45 of 1st period - Connor Murphy is hit by Parker Wotherspoon and loses puck.
19:00 of 1st period - Wrist shot by Vladislav Namestnikov.
19:00 of 1st period - Stopped by Joseph Woll with a rebound.
19:02 of 1st period - Slapshot by Reilly Smith.
19:02 of 1st period - Stopped by Joseph Woll with a rebound.
19:04 of 1st period - Slapshot by Jalen Chatfield.
19:04 of 1st period - Stopped by Joseph Woll with a rebound.
19:06 of 1st period - Slapshot by Connor Murphy.
19:06 of 1st period - Stopped by Joseph Woll with a rebound.
19:10 of 1st period - Slapshot by Tom Wilson.
19:10 of 1st period - Goal by Tom Wilson - Lightning : 1 - Blue Jackets : 1.
19:11 of 1st period - Ryan O'Reilly wins face-off versus Connor McDavid in neutral zone.
19:46 of 1st period - Snap shot by Kent Johnson.
19:46 of 1st period - Stopped by Logan Thompson without a rebound.
19:47 of 1st period - Frederick Gaudreau wins face-off versus Frank Nazar in Blue Jackets zone.
19:56 of 1st period - Frank Nazar is hit by Zach Whitecloud.
Goals for this period are 1 for Lightning vs 1 for Blue Jackets.
Shots for this period are 15 for Lightning vs 12 for Blue Jackets.
2nd period
0:01 of 2nd period - Leo Carlsson wins face-off versus Connor McDavid in neutral zone.
0:13 of 2nd period - Snap shot by Nikita Kucherov.
0:13 of 2nd period - Stopped by Joseph Woll with a rebound.
0:15 of 2nd period - Snap shot by Connor McDavid.
0:15 of 2nd period - Stopped by Joseph Woll with a rebound.
0:17 of 2nd period - Snap shot by Matt Duchene.
0:17 of 2nd period - Stopped by Joseph Woll with a rebound.
0:33 of 2nd period - Snap shot by Troy Terry.
0:33 of 2nd period - Stopped by Joseph Woll with a rebound.
0:38 of 2nd period - Off-side.
0:39 of 2nd period - Ryan O'Reilly wins face-off versus Connor McDavid in neutral zone.
0:44 of 2nd period - Wrist shot by Ryan O'Reilly.
0:44 of 2nd period - Stopped by Logan Thompson with a rebound.
0:46 of 2nd period - Wrist shot by Artturi Lehkonen.
0:46 of 2nd period - Shot Blocked by Erik Cernak.
0:48 of 2nd period - Snap shot by Filip Forsberg.
0:48 of 2nd period - Stopped by Logan Thompson with a rebound.
1:08 of 2nd period - Snap shot by Frederick Gaudreau.
1:08 of 2nd period - Stopped by Logan Thompson without a rebound.
1:09 of 2nd period - Tyler Seguin wins face-off versus Frederick Gaudreau in Blue Jackets zone.
1:31 of 2nd period - Icing by Tom Wilson.
1:32 of 2nd period - Ryan O'Reilly wins face-off versus Connor McDavid in Blue Jackets zone.
1:49 of 2nd period - Wrist shot by Filip Forsberg.
1:49 of 2nd period - Shot Misses the Net.
1:59 of 2nd period - Luke Hughes is hit by Joshua Norris and loses puck.
2:10 of 2nd period - Slapshot by Martin Necas.
2:10 of 2nd period - Stopped by Logan Thompson with a rebound.
2:20 of 2nd period - Snap shot by Leo Carlsson.
2:20 of 2nd period - Shot Blocked by Tom Wilson.
2:26 of 2nd period - Tyler Seguin is hit by Evander Kane and loses puck.
3:30 of 2nd period - Snap shot by Joshua Norris.
3:30 of 2nd period - Shot Misses the Net.
3:32 of 2nd period - Wrist shot by Mitch Marner.
3:32 of 2nd period - Shot Blocked by Connor Murphy.
3:34 of 2nd period - Slapshot by Michael Kesselring.
3:34 of 2nd period - Stopped by Logan Thompson with a rebound.
3:36 of 2nd period - Wrist shot by Martin Necas.
3:36 of 2nd period - Shot Misses the Net.
3:38 of 2nd period - Wrist shot by Joshua Norris.
3:38 of 2nd period - Stopped by Logan Thompson without a rebound.
3:39 of 2nd period - Leo Carlsson wins face-off versus Connor McDavid in Blue Jackets zone.
4:06 of 2nd period - Connor Murphy is hit by William Carrier and loses puck.
4:27 of 2nd period - Wrist shot by Troy Terry.
4:27 of 2nd period - Shot Misses the Net.
5:55 of 2nd period - Jalen Chatfield is hit by Joshua Norris and loses puck.
6:08 of 2nd period - Minor Penalty to Joshua Norris for Roughing.
6:09 of 2nd period - Ryan O'Reilly wins face-off versus Connor McDavid in Lightning zone.
6:09 of 2nd period - Ryan O'Reilly is hit by Tom Wilson.
6:23 of 2nd period - Snap shot by Nikita Kucherov.
6:23 of 2nd period - Shot Misses the Net.
7:45 of 2nd period - Troy Terry is hit by Artturi Lehkonen and loses puck.
8:08 of 2nd period - Penalty to Joshua Norris is over, Joshua Norris is back on ice.
8:12 of 2nd period - Slapshot by Vladislav Namestnikov.
8:12 of 2nd period - Shot Blocked by Joshua Norris.
8:14 of 2nd period - Wrist shot by Brandon Saad.
8:14 of 2nd period - Goal by Brandon Saad - Lightning : 1 - Blue Jackets : 2.
8:15 of 2nd period - Frank Nazar wins face-off versus Joshua Norris in neutral zone.
8:20 of 2nd period - Snap shot by Troy Terry.
8:20 of 2nd period - Shot Misses the Net.
8:22 of 2nd period - Slapshot by Brenden Dillon.
8:22 of 2nd period - Stopped by Joseph Woll with a rebound.
8:24 of 2nd period - Slapshot by Brenden Dillon.
8:24 of 2nd period - Shot Blocked by Martin Necas.
8:26 of 2nd period - Snap shot by Frank Nazar.
8:26 of 2nd period - Stopped by Joseph Woll without a rebound.
8:27 of 2nd period - Connor McDavid wins face-off versus Leo Carlsson in Lightning zone.
8:49 of 2nd period - Icing by Brenden Dillon.
8:50 of 2nd period - Matt Duchene wins face-off versus Ryan O'Reilly in Blue Jackets zone.
8:50 of 2nd period - Matt Duchene is hit by Artturi Lehkonen.
9:06 of 2nd period - Snap shot by Frank Nazar.
9:06 of 2nd period - Stopped by Joseph Woll with a rebound.
9:48 of 2nd period - Slapshot by Nikita Kucherov.
9:48 of 2nd period - Stopped by Joseph Woll without a rebound.
9:49 of 2nd period - Joshua Norris wins face-off versus Connor McDavid in Lightning zone.
10:42 of 2nd period - Jalen Chatfield is hit by Parker Wotherspoon and loses puck.
10:49 of 2nd period - Wrist shot by Frederick Gaudreau.
10:49 of 2nd period - Shot Misses the Net.
10:51 of 2nd period - Slapshot by Brian Dumoulin.
10:51 of 2nd period - Shot Misses the Net.
11:11 of 2nd period - Slapshot by Tom Wilson.
11:11 of 2nd period - Stopped by Joseph Woll with a rebound.
11:27 of 2nd period - Snap shot by Brandon Saad.
11:27 of 2nd period - Stopped by Joseph Woll with a rebound.
11:29 of 2nd period - Snap shot by Brenden Dillon.
11:29 of 2nd period - Stopped by Joseph Woll without a rebound.
11:30 of 2nd period - Frederick Gaudreau wins face-off versus Connor McDavid in Lightning zone.
11:51 of 2nd period - Matt Duchene is hit by Jansen Harkins and loses puck.
12:40 of 2nd period - Zach Whitecloud is hit by Luke Hughes and loses puck.
13:19 of 2nd period - Luke Hughes is hit by Parker Wotherspoon and loses puck.
13:52 of 2nd period - Snap shot by Troy Terry.
13:52 of 2nd period - Deflect By Martin Necas.
13:52 of 2nd period - Shot Blocked by Joshua Norris.
13:52 of 2nd period - Puck is out of play.
13:53 of 2nd period - Connor McDavid wins face-off versus Leo Carlsson in Lightning zone.
14:03 of 2nd period - Connor McDavid is hit by Jake Sanderson.
14:19 of 2nd period - Jake Sanderson is hit by Brenden Dillon and loses puck.
15:05 of 2nd period - Jalen Chatfield is hit by Evander Kane.
15:21 of 2nd period - Wrist shot by Tyler Seguin.
15:21 of 2nd period - Shot Blocked by Miro Heiskanen.
16:21 of 2nd period - Jake Sanderson is hit by Reilly Smith and loses puck.
16:32 of 2nd period - Nikita Kucherov is hit by Filip Forsberg and loses puck.
16:53 of 2nd period - Tyler Seguin is hit by Joshua Norris and loses puck.
17:35 of 2nd period - Leo Carlsson is hit by Connor Murphy and loses puck.
18:11 of 2nd period - Zach Whitecloud is hit by Vladislav Namestnikov and loses puck.
18:21 of 2nd period - Vladislav Namestnikov is hit by Frederick Gaudreau and loses puck.
18:32 of 2nd period - Vladislav Namestnikov is hit by Frederick Gaudreau and loses puck.
19:03 of 2nd period - Snap shot by Vladislav Namestnikov.
19:03 of 2nd period - Shot Blocked by Brian Dumoulin.
19:15 of 2nd period - Wrist shot by Brandon Saad.
19:15 of 2nd period - Stopped by Joseph Woll with a rebound.
19:41 of 2nd period - Wrist shot by Vladislav Namestnikov.
19:41 of 2nd period - Shot Misses the Net.
19:43 of 2nd period - Snap shot by Lars Eller.
19:43 of 2nd period - Shot Misses the Net.
19:49 of 2nd period - Wrist shot by Brandon Saad.
19:49 of 2nd period - Stopped by Joseph Woll with a rebound.
Goals for this period are 0 for Lightning vs 1 for Blue Jackets.
Shots for this period are 6 for Lightning vs 14 for Blue Jackets.
3rd period
0:01 of 3rd period - Leo Carlsson wins face-off versus Connor McDavid in neutral zone.
0:47 of 3rd period - Snap shot by Connor McDavid.
0:47 of 3rd period - Stopped by Joseph Woll without a rebound.
0:48 of 3rd period - Frank Nazar wins face-off versus Mitch Marner in Lightning zone.
0:53 of 3rd period - Slapshot by Troy Terry.
0:53 of 3rd period - Stopped by Joseph Woll with a rebound.
1:27 of 3rd period - Frank Nazar is hit by Joshua Norris and loses puck.
1:52 of 3rd period - Snap shot by Mitch Marner.
1:52 of 3rd period - Shot Misses the Net.
1:54 of 3rd period - Snap shot by Parker Wotherspoon.
1:54 of 3rd period - Shot Misses the Net.
1:56 of 3rd period - Snap shot by Martin Necas.
1:56 of 3rd period - Stopped by Logan Thompson without a rebound.
1:57 of 3rd period - Connor McDavid wins face-off versus Evander Kane in Blue Jackets zone.
2:25 of 3rd period - Snap shot by Ryan O'Reilly.
2:25 of 3rd period - Stopped by Logan Thompson with a rebound.
3:39 of 3rd period - Brandon Saad is hit by Zach Whitecloud and loses puck.
4:38 of 3rd period - Snap shot by Frederick Gaudreau.
4:38 of 3rd period - Shot Blocked by Reilly Smith.
5:03 of 3rd period - Wrist shot by Filip Forsberg.
5:03 of 3rd period - Stopped by Logan Thompson without a rebound.
5:04 of 3rd period - Connor McDavid wins face-off versus Leo Carlsson in Blue Jackets zone.
5:37 of 3rd period - Wrist shot by Matvei Michkov.
5:37 of 3rd period - Stopped by Joseph Woll without a rebound.
5:38 of 3rd period - Tyler Seguin wins face-off versus Filip Forsberg in Lightning zone.
5:43 of 3rd period - Snap shot by Tom Wilson.
5:43 of 3rd period - Stopped by Joseph Woll with a rebound.
5:53 of 3rd period - Snap shot by Tom Wilson.
5:53 of 3rd period - Stopped by Joseph Woll without a rebound.
5:54 of 3rd period - Connor McDavid wins face-off versus Joshua Norris in Lightning zone.
5:57 of 3rd period - Snap shot by Nikita Kucherov.
5:57 of 3rd period - Stopped by Joseph Woll with a rebound.
6:03 of 3rd period - Erik Cernak is hit by Martin Necas and loses puck.
6:20 of 3rd period - Frank Nazar is hit by Evander Kane and loses puck.
7:03 of 3rd period - Snap shot by Ryan O'Reilly.
7:03 of 3rd period - Stopped by Logan Thompson with a rebound.
7:43 of 3rd period - Slapshot by Leo Carlsson.
7:43 of 3rd period - Shot Misses the Net.
7:45 of 3rd period - Slapshot by Leo Carlsson.
7:45 of 3rd period - Goal by Leo Carlsson - Lightning : 2 - Blue Jackets : 2.
7:46 of 3rd period - Connor McDavid wins face-off versus Leo Carlsson in neutral zone.
7:51 of 3rd period - Snap shot by Nikita Kucherov.
7:51 of 3rd period - Stopped by Joseph Woll without a rebound.
7:52 of 3rd period - Leo Carlsson wins face-off versus Connor McDavid in Lightning zone.
9:48 of 3rd period - Snap shot by Matvei Michkov.
9:48 of 3rd period - Shot Misses the Net.
9:50 of 3rd period - Backhand shot by Erik Cernak.
9:50 of 3rd period - Shot Blocked by Joshua Norris.
9:52 of 3rd period - Slapshot by Brenden Dillon.
9:52 of 3rd period - Stopped by Joseph Woll without a rebound.
9:53 of 3rd period - Tyler Seguin wins face-off versus Joshua Norris in Lightning zone.
10:07 of 3rd period - Minor Penalty to Connor Murphy for Hooking.
10:08 of 3rd period - Lars Eller wins face-off versus Joshua Norris in Blue Jackets zone.
11:08 of 3rd period - Snap shot by Connor McDavid.
11:08 of 3rd period - Shot Misses the Net.
11:21 of 3rd period - Icing by Kent Johnson.
11:22 of 3rd period - Ryan O'Reilly wins face-off versus Connor McDavid in Lightning zone.
11:42 of 3rd period - Icing by Zach Whitecloud.
11:43 of 3rd period - Joshua Norris wins face-off versus Tom Wilson in Lightning zone.
11:50 of 3rd period - Wrist shot by Mitch Marner.
11:50 of 3rd period - Shot Misses the Net.
12:07 of 3rd period - Penalty to Connor Murphy is over, Connor Murphy is back on ice.
12:25 of 3rd period - Frederick Gaudreau is hit by Erik Cernak and loses puck.
12:56 of 3rd period - Snap shot by Tyler Seguin.
12:56 of 3rd period - Stopped by Joseph Woll without a rebound.
12:57 of 3rd period - Tyler Seguin wins face-off versus Joshua Norris in Lightning zone.
13:02 of 3rd period - Snap shot by Tom Wilson.
13:02 of 3rd period - Stopped by Joseph Woll with a rebound.
13:04 of 3rd period - Snap shot by Brenden Dillon.
13:04 of 3rd period - Stopped by Joseph Woll without a rebound.
13:05 of 3rd period - Connor McDavid wins face-off versus Ryan O'Reilly in Lightning zone.
13:18 of 3rd period - Nikita Kucherov is hit by Filip Forsberg and loses puck.
13:25 of 3rd period - Miro Heiskanen is hit by Connor McDavid and loses puck.
13:38 of 3rd period - Wrist shot by Matvei Michkov.
13:38 of 3rd period - Shot Blocked by Brian Dumoulin.
13:46 of 3rd period - Wrist shot by Mitch Marner.
13:46 of 3rd period - Shot Blocked by Luke Hughes.
13:48 of 3rd period - Slapshot by Miro Heiskanen.
13:48 of 3rd period - Stopped by Logan Thompson with a rebound.
14:55 of 3rd period - Off-side.
14:56 of 3rd period - Joshua Norris wins face-off versus Frank Nazar in neutral zone.
15:01 of 3rd period - Matvei Michkov is hit by Brian Dumoulin and loses puck.
15:22 of 3rd period - Reilly Smith is hit by Leo Carlsson and loses puck.
15:43 of 3rd period - Wrist shot by Filip Forsberg.
15:43 of 3rd period - Shot Blocked by Luke Hughes.
16:14 of 3rd period - Snap shot by Frederick Gaudreau.
16:14 of 3rd period - Stopped by Logan Thompson with a rebound.
16:31 of 3rd period - Vladislav Namestnikov is hit by Zach Whitecloud and loses puck.
16:49 of 3rd period - Off-side.
16:50 of 3rd period - Artturi Lehkonen wins face-off versus Tom Wilson in neutral zone.
17:16 of 3rd period - Ryan O'Reilly is hit by Erik Cernak and loses puck.
17:27 of 3rd period - Wrist shot by Matvei Michkov.
17:27 of 3rd period - Shot Blocked by Brian Dumoulin.
17:29 of 3rd period - Slapshot by Josh Manson.
17:29 of 3rd period - Shot Hit the Post.
18:34 of 3rd period - Snap shot by Frank Nazar.
18:34 of 3rd period - Stopped by Joseph Woll with a rebound.
19:30 of 3rd period - Tom Wilson is hit by Artturi Lehkonen and loses puck.
19:37 of 3rd period - Snap shot by Kent Johnson.
19:37 of 3rd period - Stopped by Logan Thompson without a rebound.
19:38 of 3rd period - Joshua Norris wins face-off versus Connor McDavid in Blue Jackets zone.
Goals for this period are 1 for Lightning vs 0 for Blue Jackets.
Shots for this period are 8 for Lightning vs 12 for Blue Jackets.
Overtime #1
0:01 of 1st overtime period - Joshua Norris wins face-off versus Connor McDavid in neutral zone.
0:03 of 1st overtime period - Off-side.
0:04 of 1st overtime period - Joshua Norris wins face-off versus Connor McDavid in neutral zone.
0:15 of 1st overtime period - Snap shot by Joshua Norris.
0:15 of 1st overtime period - Stopped by Logan Thompson with a rebound.
0:17 of 1st overtime period - Slapshot by Jake Sanderson.
0:17 of 1st overtime period - Shot Misses the Net.
0:19 of 1st overtime period - Wrist shot by Jake Sanderson.
0:19 of 1st overtime period - Shot Blocked by Connor McDavid.
0:21 of 1st overtime period - Wrist shot by Mitch Marner.
0:21 of 1st overtime period - Shot Misses the Net.
0:41 of 1st overtime period - Snap shot by Filip Forsberg.
0:41 of 1st overtime period - Stopped by Logan Thompson with a rebound.
0:57 of 1st overtime period - Snap shot by Ryan O'Reilly.
0:57 of 1st overtime period - Goal by Ryan O'Reilly - Lightning : 3 - Blue Jackets : 2.
Goals for this period are 1 for Lightning vs 0 for Blue Jackets.
Shots for this period are 3 for Lightning vs 0 for Blue Jackets.